 Dungeon Crawl Stone Soup version 0.30-a0-305-g026cb31310 (webtiles) character file.

Game seed: 11452149651800249193

414 Morbidden the Shooter (level 7, 0/52 HPs)
             Began as a Formicid Hunter on Oct 22, 2022.
             Shot with an arrow by a centaur (6 damage)
             ... on level 8 of the Dungeon.
             The game lasted 00:04:03 (2601 turns).

Morbidden the Shooter (Formicid Hunter)             Turns: 2601, Time: 00:04:04

Health: 0/52       AC:  4    Str: 15    XL:     7   Next: 14%
Magic:  9/9        EV: 13    Int:  9    God:
Gold:   160        SH:  0    Dex: 19    Spells: 9/9 levels left

rFire   + . .      SeeInvis +    b - +1 dagger (drain)
rCold   . . .      Faith    .    (no shield)
rNeg    . . .      Spirit   .    r - +1 robe {rF+}
rPois   .          Reflect  .    (helmet unavailable)
rElec   .          Harm     .    (no cloak)
rCorr   .          Rampage  .    v - +0 pair of gloves
Will    .....                    (no boots)
Stlth   ++........               (no amulet)
HPRegen 0.28/turn                t - ring of wizardry
MPRegen 0.11/turn                q - ring of flight

@: flying
A: permanent stasis, dig shafts and tunnels, antennae 3, four strong arms,
hooves 1
a: Dig, Shaft Self


You were on level 8 of the Dungeon.
You visited 1 branch of the dungeon, and saw 6 of its levels.

You collected 160 gold pieces.

Inventory:

Hand Weapons
 a - a +0 shortbow
 b - a +1 dagger of draining (weapon)
 y - a +3 short sword
Missiles
 l - a throwing net
 z - 6 poisoned darts
Armour
 c - a +0 leather armour
 r - a +1 robe of fire resistance (worn)
 v - a +0 pair of gloves (worn)
Jewellery
 q - a ring of flight (right hand)
 t - a ring of wizardry (left hand)
Scrolls
 h - a scroll of fear {unknown}
 i - a scroll of butterflies {unknown}
 j - a scroll of immolation
 k - a scroll of brand weapon {unknown}
 n - 2 scrolls of identify {unknown}
 p - 2 scrolls of magic mapping {unknown}
 s - 3 scrolls of noise {unknown}
 w - a scroll of amnesia {unknown}
 x - 2 scrolls of poison {unknown}
 A - a scroll of summoning {unknown}
Potions
 d - a potion of curing {unknown}
 e - 3 potions of mutation
 f - a potion of resistance {unknown}
 g - a potion of ambrosia {unknown}
 m - 3 potions of berserk rage {unknown}
 o - a potion of attraction {unknown}
 u - a potion of cancellation {unknown}


   Skills:
 * Level 3.4 Fighting
 * Level 1.5 Short Blades
 * Level 6.4 Ranged Weapons
 * Level 1.7 Armour
 * Level 2.3 Dodging
 + Level 1.6 Stealth
 * Level 1.6 Spellcasting


You had 9 spell levels left.
You didn't know any spells.
Your spell library contained the following spells:

 Spells                   Type           Power      Damage    Failure   Level
 Apportation              Tloc           0%         N/A       14%         1
 Necrotise                Necr           0%         1d4       14%         1
 Summon Small Mammal      Summ           0%         N/A       14%         1
 Cigotuvi's Dreadful Rot  Necr/Pois/Air  0%         N/A       21%         2
 Poisonous Vapours        Pois/Air       0%         N/A       21%         2
 Mephitic Cloud           Conj/Pois/Air  0%         N/A       38%         3


Dungeon Overview and Level Annotations

Branches:
Dungeon (8/15)
 Temple: D:4-7         Lair: D:8-11

Altars:
Qazlal

Annotations:
D:5 Grinder


Innate Abilities, Weirdness & Mutations

You cannot be hasted, slowed, berserked, paralysed or teleported.
You can dig through walls and to a lower floor.
You have a pair of large antennae on your head. (SInv)
Your four strong arms can wield two-handed weapons with a shield.
You have large cloven feet.


Message History

An orc comes into view. It is wielding a +0 short sword.
The orc shouts!
An orc priest comes into view. It is wielding a +0 dagger.
The orc moves out of view.
Unknown command.
You shoot an arrow. The arrow hits the orc priest.
The orc priest is lightly wounded.
You hear a shout!
You shoot an arrow. The arrow barely misses the orc.
An orc comes into view.
It is wielding a +0 club and carrying a wand of flame (17).
Unknown command.
You shoot an arrow. The arrow closely misses the orc.
The arrow closely misses the orc priest.
The orc misses you.
Unknown command.
You sense an unholy aura.
b - a +1 dagger of draining (weapon)
The orc closely misses you.
Unknown command.
Okay, then.
Are you sure you want to shaft yourself?
The orc hits you but does no damage.
You begin to dig a shaft.
You continue digging a shaft.
The orc closely misses you. A shaft appears beneath you!
You are sucked into a shaft and drop 3 floors!
The shaft crumbles and collapses.
Found a scroll labelled NOMI OGUKKIU, a spear, a pink potion and a falchion.
Found two stone staircases leading down.
m - 3 pink potions (gained 1)
x - 2 scrolls labelled NOMI OGUKKIU (gained 1)
A centaur comes into view.
The centaur wields a +3 shortbow.
The centaur shoots an arrow.
The arrow hits you!
The centaur shoots an arrow.
The arrow closely misses you.
The centaur shoots an arrow.
The arrow hits you!
The centaur shoots an arrow.
The arrow hits you!
* * * LOW HITPOINT WARNING * * *
The centaur shoots an arrow.
The arrow hits you.
You die...

#.......#
#.......#####
............
...........
#..........
#...c......
#............
#..@................
#...................
#...................
#...................
#...................
#................>..
#...........>.......
#...................
###.......)...........


You could see a centaur.

Vanquished Creatures
  Sigmund (D:3)
  2 hounds
  A jelly (D:4)
  3 gnolls (D:2)
  4 adders
  2 ufetubi (D:4)
  2 dart slugs (D:2)
  A worm (D:2)
  4 orcs (D:4)
  8 bats
  6 endoplasms
  A giant cockroach (D:1)
  5 goblins
  5 hobgoblins
  10 kobolds
  5 quokkas
  5 ball pythons
  7 frilled lizards
  2 rats
74 creatures vanquished.

Vanquished Creatures (others)
  A plant (D:4)
1 creature vanquished.

Grand Total: 75 creatures vanquished

Notes
Turn   | Place    | Note
-------+----------+-------------------------------------------
     0 | D:1      | Morbidden the Formicid Hunter began the quest for the Orb.
     0 | D:1      | Reached XP level 1. HP: 16/16 MP: 1/1
   103 | D:1      | Reached XP level 2. HP: 22/22 MP: 2/2
   460 | D:1      | Found a faded altar of an unknown god.
   460 | D:1      | Noticed an Ice Fiend
   579 | D:2      | Reached XP level 3. HP: 27/27 MP: 3/3
   644 | D:2      | Reached skill level 5 in Ranged Weapons
   736 | D:2      | Reached XP level 4. HP: 34/34 MP: 4/4
  1153 | D:3      | Noticed Sigmund
  1171 | D:3      | Killed Sigmund
  1172 | D:3      | Reached skill level 1 in Short Blades
  1172 | D:3      | Reached skill level 6 in Ranged Weapons
  1172 | D:3      | Reached skill level 1 in Armour
  1172 | D:3      | Reached skill level 1 in Spellcasting
  1172 | D:3      | Reached XP level 5. HP: 22/40 MP: 5/7
  1172 | D:3      | Reached XP level 6. HP: 25/46 MP: 5/8
  1373 | D:3      | You fall into a shaft and drop 1 floor!
  1376 | D:4      | Identified the +0 robe "Ximiraam" {MP-9 Str+2 Int+3}
  2248 | D:4      | Found a stormy altar of Qazlal.
  2255 | D:4      | Noticed an ogre
  2340 | D:4      | Reached XP level 7. HP: 52/52 MP: 9/9
  2517 | D:5      | Entered Level 5 of the Dungeon
  2518 | D:5      | Noticed Grinder
  2540 | D:5      | Gained mutation: You have large cloven feet. [potion of
                  | mutation]
  2564 | D:5      | You are sucked into a shaft and drop 3 floors!
  2601 | D:8      | Shot with an arrow by a centaur

Illustrated notes

Levels and vault maps discovered:
D:1:      beargit_arrival_greenhouse, layout_basic,
          dreamdust_ecumenical_altar_sealed_demon, minmay_misc_feat_iff
D:2:      layout_rooms, minmay_misc_feat_plants
D:3:      layout_rooms, uniq_sigmund
D:4:      corexii_shack_village, layout_rooms, nicolae_qazlal_scattered_showers,
          kennysheep_generic_room_13
D:5:      layout_loops_ring, grunt_temple_overflow_open,
          minmay_temple_entry_trees, serial_shops, nicolae_shop_statue_plus,
          uniq_menkaure, uniq_grinder
D:8:      layout_basic, erik_lair_orcish_takeover, supply_closet_lemuel,
          uniq_erica

Skill      XL: |  1  2  3  4  5  6 |
---------------+-------------------+-----
Dodging        | 2 |  2.3
Ranged Weapons | 5 6 |  6.4
Short Blades   | 1 |  1.5
Armour         | 1 |  1.7
Spellcasting   | 1 |  1.6
Fighting       | 3 |  3.4
Stealth        | |  1.6

Action                   |  1- 3 |  4- 6 |  7- 9 || total
-------------------------+-------+-------+-------++-------
Melee: Dagger            |       |    20 |     6 ||    26
       Kick              |       |       |     1 ||     1
 Fire: Shortbow          |    87 |   121 |    22 ||   230
 Abil: Dig               |     2 |       |       ||     2
       Shaft Self        |       |       |     1 ||     1
  Use: Potion            |       |       |     1 ||     1
Armor: Leather armour    |    17 |     3 |       ||    20
       Robe              |       |     4 |     4 ||     8
Dodge: Dodged            |    30 |    42 |    10 ||    82

Table legend: (Time is in decaauts)
 A = Elapsed time spent in this place.
 B = Non-inter-level travel time spent in this place.
 C = Inter-level travel time spent in this place.
 D = Time resting spent in this place.
 E = Time spent auto-exploring this place.
 F = Levels seen in this place.
 G = Mean time per level.
                   A        B        C        D        E       F      G
               +--------+--------+--------+--------+--------+-----+--------+
         Total |   2652 |   2548 |    104 |     81 |   1816 |   6 |  442.0 |
       Dungeon |   2652 |   2548 |    104 |     81 |   1816 |   6 |  442.0 |
               +--------+--------+--------+--------+--------+-----+--------+

Top non-repeatable levels by time:
     D:4: 769 daAuts
     D:3: 635 daAuts
     D:1: 590 daAuts
     D:2: 585 daAuts
     D:8: 36 daAuts
     D:5: 34 daAuts
